 Dungeon Crawl Stone Soup version 0.29-a0-1016-g236c7fd91e (webtiles) character file.

Game seed: 8167332069951986525

235854 nickcage the Impaler (level 18, -9/150 (153) HPs)
             Began as a Demonspawn Gladiator on Aug 9, 2022.
             Was the Champion of Qazlal.
             Mangled by a juggernaut skeleton (36 damage)
             ... led by a necromancer
             ... on level 3 of the Abyss.
             The game lasted 02:18:04 (29099 turns).

nickcage the Impaler (Demonspawn Gladiator)        Turns: 29099, Time: 02:18:05

HP:   -9/150 (153)  AC: 32    Str: 30    XL:     18   Next: 92%
MP:   27/27         EV: 17    Int:  9    God:    Qazlal [******]
Gold: 2492          SH: 24    Dex: 31    Spells: 11/17 levels left

rFire   + + .      SeeInvis +   r - +11 spear "Himuar" {flame, +Blink rF+ Stlth-}
rCold   + . .      Faith    .   m - +0 kite shield
rNeg    + . .      Spirit   .   L - +10 plate armour {rPois}
rPois   +          Reflect  .   c - +0 helmet
rElec   +          Harm     .   D - +0 cloak {rPois}
rCorr   .          Rampage  .   H - +2 pair of gloves {Dex+3}
Will    +....                   a - +2 pair of boots "Wuyboed" {Dex+7}
Stlth   ..........              O - amulet of Zatz {Acrobat rElec Str+3 Slay+5}
HPRegen 0.00/turn               w - ring "Edaowy" {*Slow rC+ rN+ SInv}
MPRegen 0.20/turn               q - ring of Jummo {rF+ Str+4}

@: sick, studying 2 skills, lightly drained, repel missiles
A: thin skeletal structure 3, powered by death 3, spiny 2, demonic touch 2,
deformed body, shaggy fur 1
}: 1/15 runes: gossamer
a: Renounce Religion, Evoke Blink, Upheaval, Elemental Force, Disaster Area


You were on level 3 of the Abyss.
You worshipped Qazlal.
Qazlal was exalted by your worship.
You visited 6 branches of the dungeon, and saw 28 of its levels.
You visited the Abyss 2 times.
You also visited: Ice Cave and Wizlab.

You collected 3916 gold pieces.
You spent 1424 gold pieces at shops.

Inventory:

Hand Weapons
 r - the +11 spear "Himuar" (weapon) {flame, +Blink rF+ Stlth-}
   (You found it on level 2 of the Dungeon)

   It burns those it strikes, dealing additional fire damage.
   rF:        It protects you from fire.
   +Blink:    It lets you blink.
   Stlth:     It makes you less stealthy.
 y - a +4 vorpal halberd
Missiles
 C - 2 silver boomerangs (quivered)
 M - 3 curare-tipped darts
Armour
 a - the +2 pair of boots "Wuyboed" (worn) {Dex+7}
   (You found it on level 4 of the Spider Nest)

   Dex:       It affects your dexterity (+7).
 c - a +0 helmet (worn)
 m - a +0 kite shield (worn)
 D - a +0 cloak of poison resistance (worn)
 H - a +2 pair of gloves of dexterity (worn)
 L - a +10 plate armour of poison resistance (worn)
Jewellery
 g - a ring of protection from fire
 k - a +4 ring of slaying
 q - the ring of Jummo (right hand) {rF+ Str+4}
   (You acquired it on level 4 of the Dungeon)

   [ring of protection from fire]

   Str:       It affects your strength (+4).
   rF:        It protects you from fire.
 v - a +6 ring of strength
 w - the ring "Edaowy" (left hand) {*Slow rC+ rN+ SInv}
   (You found it on level 3 of the Dungeon)

   [ring of protection from cold]

   rC:        It protects you from cold.
   rN:        It protects you from negative energy.
   SInv:      It lets you see invisible.
   *Slow:     It may slow you when you take damage.
 G - a ring of willpower
 J - a +6 ring of strength
 N - a ring of flight
 O - the amulet of Zatz (around neck) {Acrobat rElec Str+3 Slay+5}
   (You found it in an ice cave)

   [amulet of the acrobat]

   It increases your evasion while moving and waiting.
   Str:       It affects your strength (+3).
   Slay:      It affects your accuracy & damage with ranged weapons and melee
   (+5).
   rElec:     It insulates you from electricity.
Wands
 d - a wand of mindburst (10)
 s - a wand of digging (25)
 K - a wand of charming (16)
 S - a wand of flame (20)
 U - a wand of roots (19)
Scrolls
 b - a scroll of summoning
 j - 11 scrolls of teleportation
 n - 6 scrolls of silence
 o - 18 scrolls of identify
 u - 2 scrolls of magic mapping
 A - 5 scrolls of amnesia
 P - 3 scrolls of brand weapon
 Q - 7 scrolls of blinking
 R - a scroll of butterflies
 T - 2 scrolls of poison
 V - a scroll of fear
Potions
 e - 4 potions of ambrosia
 f - 2 potions of magic
 h - 6 potions of flight
 i - a potion of berserk rage
 l - 15 potions of curing
 p - 4 potions of lignification
 t - 4 potions of heal wounds
 z - 3 potions of mutation
 B - 7 potions of haste
 E - 6 potions of cancellation
 X - 3 potions of resistance
 Y - 4 potions of might
Miscellaneous
 x - a piece from Xom's chessboard (15/15)


   Skills:
 * Level 16.4 Fighting
 - Level 4.2 Maces & Flails
 + Level 18.9 Polearms
 - Level 1.7 Throwing
 - Level 14.0 Armour
 - Level 11.1 Dodging
 - Level 13.6 Shields
 - Level 12.0 Invocations


You had 11 spell levels left.
You knew the following spells:

 Your Spells              Type           Power      Damage    Failure   Level
a - Iron Shot             Conj/Erth      0%         9d1       100%        6

Your spell library contained the following spells:

 Spells                   Type           Power      Damage    Failure   Level
 Apportation              Tloc           0%         N/A       99%         1
 Foxfire                  Conj/Fire      0%         2x1d4     99%         1
 Necrotise                Necr           0%         1d4       99%         1
 Summon Small Mammal      Summ           0%         N/A       99%         1
 Ensorcelled Hibernation  Hex/Ice        0%         N/A       100%        2
 Passwall                 Tmut/Erth      0%         N/A       100%        2
 Poisonous Vapours        Pois/Air       0%         N/A       100%        2
 Wereblood                Tmut           0%         N/A       100%        2
 Call Canine Familiar     Summ           0%         N/A       100%        3
 Conjure Flame            Conj/Fire      0%         6-21      100%        3
 Dazzling Flash           Conj/Hex       0%         N/A       100%        3
 Frozen Ramparts          Ice            0%         1d1       100%        3
 Inner Flame              Hex/Fire       0%         N/A       100%        3
 Portal Projectile        Hex/Tloc       0%         N/A       100%        3
 Stone Arrow              Conj/Erth      0%         3d7       100%        3
 Swiftness                Air            0%         N/A       100%        3
 Tukima's Dance           Hex            0%         N/A       100%        3
 Animate Armour           Summ/Erth      0%         N/A       100%        4
 Animate Dead             Necr           0%         N/A       100%        4
 Corpse Rot               Necr/Pois/Air  0%         N/A       100%        4
 Dispel Undead            Necr           0%         3d6       100%        4
 Flame Wave               Conj/Fire      0%         2d4       100%        4
 Ice Form                 Ice/Tmut       0%         N/A       100%        4
 Iskenderun's Mystic Bla  Conj/Tloc      0%         2d3       100%        4
 Leda's Liquefaction      Hex/Erth       0%         N/A       100%        4
 Olgreb's Toxic Radiance  Pois           0%         N/A       100%        4
 Petrify                  Tmut/Erth      0%         N/A       100%        4
 Summon Ice Beast         Ice/Summ       0%         N/A       100%        4
 Blade Hands              Tmut           0%         N/A       100%        5
 Borgnjor's Vile Clutch   Necr/Erth      0%         N/A       100%        5
 Freezing Cloud           Conj/Ice/Air   0%         6-21      100%        5
 Death Channel            Necr           0%         N/A       100%        6
 Dispersal                Tloc           0%         N/A       100%        6
 Simulacrum               Ice/Necr       0%         N/A       100%        6
 Starburst                Conj/Fire      0%         6d3       100%        6
 Statue Form              Tmut/Erth      0%         N/A       100%        6
 Malign Gateway           Summ/Tloc      0%         N/A       100%        7
 Ozocubu's Refrigeration  Ice            0%         4d7       100%        7
 Disjunction              Tloc           0%         N/A       100%        8
 Ignition                 Fire           0%         3d3       100%        8
 Lehudib's Crystal Spear  Conj/Erth      0%         10d2      100%        8
 Summon Horrible Things   Summ           0%         N/A       100%        8
 Chain Lightning          Conj/Air       0%         N/A       100%        9
 Fire Storm               Conj/Fire      0%         5d1       100%        9
 Polar Vortex             Ice            0%         N/A       100%        9
 Shatter                  Erth           0%         3d5*      100%        9


Dungeon Overview and Level Annotations

Branches:
Dungeon (13/15)            Temple (1/1) D:6            Lair (5/5) D:11
  Swamp (0/4) Lair:3       Spider (4/4) Lair:2        Slime (0/5) Lair:5
    Orc (2/2) D:12            Elf (3/3) Orc:2        Vaults (0/5) D:13
  IceCv (visited)          WizLab (visited)

Altars:
Ashenzari
Cheibriados
Dithmenos
Fedhas
Gozag
Hepliaklqana
Kikubaaqudgha
Makhleb
Nemelex Xobeh
Okawaru
Qazlal
Ru
Sif Muna
Trog
Uskayaw
Vehumet
Wu Jian
Xom
Yredelemnul
Jiyva

Shops:
D:6 *   D:8 [   D:9 *   Orc:2 (:[*   Elf:1 :?   Elf:2 [

Portals:
Abyss: Lair:5
Trove: D:10 (give 2 scrolls of acquirement)

Annotations:
D:12 3 runed translucent doors, purpskrrrp's ghost, journeyman DgDe
Lair:5 2 transporters


Innate Abilities, Weirdness & Mutations

You have an unnaturally thin skeletal structure. (Dex +6, Stealth+++)
You regenerate a lot of health from kills.
You are mostly covered in sharp spines.
Your touch may inflict irresistible damage on your foes.
Armour fits poorly on your strangely shaped body.
You are covered in fur. (AC +1)


Message History

You kill the necromancer!
Qazlal accepts your kill.
The juggernaut skeleton is engulfed in freezing vapours.
You impale the juggernaut skeleton!! You burn the juggernaut skeleton.
The juggernaut skeleton is moderately damaged.
The juggernaut skeleton hits you!!!
* * * LOW HITPOINT WARNING * * *
The juggernaut skeleton hits you but does no damage.
You puncture the juggernaut skeleton! You burn the juggernaut skeleton.
The juggernaut skeleton is moderately damaged.
The spriggan defender zombie is engulfed in freezing vapours.
You hit the juggernaut skeleton but do no damage.
The juggernaut skeleton is moderately damaged.
You hit the juggernaut skeleton but do no damage.
The juggernaut skeleton is moderately damaged.
You puncture the juggernaut skeleton! You burn the juggernaut skeleton.
The juggernaut skeleton is heavily damaged.
You puncture the juggernaut skeleton! You burn the juggernaut skeleton.
The juggernaut skeleton is heavily damaged.
You impale the juggernaut skeleton!! You burn the juggernaut skeleton.
The juggernaut skeleton is severely damaged.
The spriggan defender zombie is engulfed in freezing vapours.
The juggernaut skeleton is struck by your spines.
The juggernaut skeleton hits you!
* * * LOW HITPOINT WARNING * * *
The juggernaut skeleton hits you but does no damage.
You feel much better.
The spriggan defender zombie is engulfed in freezing vapours.
You hit the juggernaut skeleton. You burn the juggernaut skeleton.
The juggernaut skeleton is almost destroyed.
You hear a shout!
You puncture the juggernaut skeleton! You burn the juggernaut skeleton.
The juggernaut skeleton is almost destroyed.
You hit the juggernaut skeleton but do no damage.
The juggernaut skeleton is almost destroyed.
The spriggan defender zombie is engulfed in freezing vapours.
You hit the juggernaut skeleton. You burn the juggernaut skeleton.
The juggernaut skeleton is almost destroyed.
The juggernaut skeleton hits you!!!
You die...

. # # ..
.###
~#....
≈#~~#.# #
#....~#
#.°...#..#
##Z§......
#@# ≈ .~ #
#†#### .
###.. .# .
# # # #.
#..# u..#
#. #
#.##.. .#
#...# .#
##.## ..#
~ # u ...#
..# ## #.
##. .#...
# .. # #.u
#


You could see a juggernaut skeleton.

Vanquished Creatures
  Nikola (Elf:2)
  3 deep elf blademasters
  4 ancient champions (WizLab)
  4 tentacled starspawn (Abyss:3)
  Kirke (Spider:1)
  3 revenants (WizLab)
  Roxanne (Spider:1)
  2 slime creatures (D:12)
  2 deep elf sorcerers (Elf:3)
  8 emperor scorpions
  An orc warlord (Orc:2)
  5 ghost moths
  A caustic shrike zombie (WizLab)
  3 deep elf elementalists (Elf:3)
  2 juggernaut zombies (Abyss:3)
  5 broodmothers
  A very ugly thing (Abyss:3)
  A lorocyproca (Abyss:3)
  3 deep elf demonologists (Elf:3)
  3 deep elf annihilators (Elf:3)
  3 entropy weavers
  2 halazid warlocks (WizLab)
  4 spark wasps
  A dire elephant (Lair:5)
  2 eidola
  A spectral quicksilver dragon (WizLab)
  Josephine (Orc:1)
  3 deep elf death magi
  2 quicksilver dragon zombies (WizLab)
  2 deep elf high priests (Elf:3)
  3 jiangshi (WizLab)
  Fannar (Lair:1)
  2 vault guards (D:13)
  4 catoblepae
  Erolcha (D:10)
  9 boulder beetles
  An ice dragon (IceCv)
  6 hydras
  3 radroaches
  An ogre mage (Orc:2)
  2 centaur warriors
  9 death yaks
  25 dancing weapons
  7 two-headed ogres
  The ghost of CapnGoof the Covered, a novice HOFE of Beogh (D:9)
  A deep troll shaman (Lair:5)
  2 tengu warriors (D:13)
  3 vampire magi (WizLab)
  An orc high priest (Orc:2)
  11 deep elf knights
  A shadow wraith (WizLab)
  A spectral spark wasp (WizLab)
  4 steelbarb worms
  A spark wasp zombie (WizLab)
  11 skeletal warriors
  4 pharaoh ants (Spider:3)
  2 wretched stars (Abyss:3)
  7 orb spiders
  9 starcursed masses
  A glowing orange brain (Abyss:3)
  4 phantasmal warriors (WizLab)
  10 deep elf archers
  A harpy (shapeshifter) (Elf:2)
  A flayed ghost (WizLab)
  2 bog bodies (Lair:3)
  20 deep elf zephyrmancers
  5 orc knights
  2 necromancers
  29 wolf spiders
  4 ugly things
  18 deep elf pyromancers
  A spectral spriggan (WizLab)
  2 cyclopes
  A manticore (D:13)
  3 orc sorcerers
  6 moths of wrath
  An apocalypse crab (Abyss:3)
  14 elephants (Lair:5)
  A rust devil (Abyss:3)
  5 black mambas
  An orange demon (Abyss:3)
  2 ice statues (IceCv)
  4 torpor snails
  2 gargoyles
  4 demonic crawlers
  A cane toad (shapeshifter) (Elf:2)
  7 cane toads
  A freezing wraith (Abyss:3)
  3 unseen horrors
  7 komodo dragons
  A centaur skeleton (Abyss:3)
  4 tengu conjurers (D:13)
  Maggie (D:6)
  3 kobold demonologists
  4 rime drakes (IceCv)
  A hellwing (Abyss:3)
  2 ancient zymes (Abyss:3)
  2 polar bears (Lair:5)
  27 tarantellas
  3 trolls
  6 meliai
  A wolf spider simulacrum (D:13)
  2 spriggan zombies (WizLab)
  7 raiju (Abyss:3)
  6 dream sheep (Lair:5)
  A harpy skeleton (Abyss:3)
  8 blink frogs (Lair:1)
  A water elemental (Elf:2)
  31 jumping spiders
  8 flying skulls (WizLab)
  14 culicivoras
  4 air elementals
  5 wyverns
  A vampire (D:12)
  A shadow (D:12)
  5 small abominations (Abyss:3)
  A human (Spider:1)
  6 wraiths
  51 yaks
  3 steam dragons
  4 hogs (Spider:1)
  3 basilisks
  A chaos spawn (Abyss:3)
  4 fire elementals
  A neqoxec (Abyss:3)
  44 redbacks
  5 wargs
  8 large abominations (Abyss:3)
  An acid dragon (D:11)
  2 swamp worms (Lair:3)
  3 hell hounds (Orc:2)
  10 water moccasins
  20 orc warriors
  2 sky beasts (D:7)
  5 black bears
  An ice beast (D:6)
  9 ogres
  5 centaurs
  15 wolves
  2 phantoms
  11 kobold brigands
  3 gnoll sergeants
  11 bullfrogs
  2 scorpions
  2 earth elementals
  A necrophage (D:6)
  2 cane toad simulacra (Orc:2)
  2 elephant simulacra (Orc:2)
  5 killer bees (D:9)
  2 lindwurm simulacra (IceCv)
  2 electric eels
  A howler monkey (D:11)
  8 komodo dragon simulacra (IceCv)
  A quasit (Abyss:3)
  2 jellies
  5 hounds
  2 gnoll boudas
  14 orc priests
  Crazy Yiuf (D:5)
  3 iguanas
  Ijyb (D:3)
  17 orc wizards
  2 troll simulacra (Orc:2)
  A spriggan simulacrum (Orc:2)
  A polar bear simulacrum (Orc:2)
  23 gnolls
  14 adders
  6 acid dragon simulacra (IceCv)
  3 shadow imps
  A white imp (D:7)
  5 ufetubi
  5 steam dragon simulacra (IceCv)
  A worm (D:3)
  3 dart slugs
  60 orcs
  5 ball pythons
  6 bats
  6 endoplasms
  3 giant cockroaches
  12 goblins
  3 hobgoblins
  3 jackals (D:3)
  49 kobolds
  4 quokkas
  4 frilled lizards
  10 kobold skeletons (D:11)
  8 kobold zombies (D:11)
  6 rats
  3 lurking horrors (Abyss:3)
1071 creatures vanquished.

Vanquished Creatures (collateral kills)
  A bone dragon (Abyss:3)
  A spark wasp (Spider:1)
  Azrael (Orc:2)
  A halazid warlock (WizLab)
  2 vault guards (D:13)
  A catoblepas (Lair:5)
  A centaur warrior (D:13)
  A steelbarb worm (Spider:1)
  An orb spider (Spider:1)
  A cane toad (Lair:4)
  A tarantella (Spider:1)
  A jumping spider (Spider:1)
  5 yaks
  A basilisk (Lair:4)
  An acid dragon (D:13)
  A hell hound (Orc:2)
  6 orc warriors (Orc:2)
  An ogre (Orc:2)
  An orc priest (Orc:2)
  An adder (Lair:4)
  4 orcs (Orc:2)
34 creatures vanquished.

Vanquished Creatures (others)
  A deep elf death mage (Elf:2)
  A deep elf high priest (Elf:3)
  2 deep elf zephyrmancers
  An air elemental (Elf:3)
  A water elemental (Elf:1)
  A starcursed mass (Abyss:3)
  An orc wizard (Orc:2)
  An orc (D:9)
  23 fungi
  46 plants
  10 starspawn tentacles (Abyss:3)
88 creatures vanquished.

Grand Total: 1193 creatures vanquished

Notes
Turn   | Place    | Note
-------+----------+-------------------------------------------
     0 | D:1      | nickcage the Demonspawn Gladiator began the quest for the
                  | Orb.
     0 | D:1      | Reached XP level 1. HP: 16/16 MP: 1/1
    99 | D:1      | Gained mutation: You are partially covered in sharp spines.
                  | [demonic ancestry]
    99 | D:1      | Reached XP level 2. HP: 19/22 MP: 2/2
   200 | D:1      | Found a faded altar of an unknown god.
   417 | D:1      | Reached XP level 3. HP: 27/27 MP: 3/3
   791 | D:2      | Found a sacrificial altar of Ru.
  1290 | D:2      | Identified the +11 spear "Himuar" {flame, +Blink rF+
                  | Stlth-}
  1334 | D:3      | Noticed Ijyb
  1337 | D:3      | Gained mutation: You regenerate a little health from kills.
                  | [demonic ancestry]
  1337 | D:3      | Reached XP level 4. HP: 33/33 MP: 4/4
  1344 | D:3      | Killed Ijyb
  1345 | D:3      | Reached skill level 1 in Polearms
  1345 | D:3      | Reached skill level 1 in Shields
  1382 | D:3      | Noticed a phantom
  1394 | D:3      | Killed a phantom
  1395 | D:3      | Reached skill level 2 in Polearms
  1395 | D:3      | Gained mutation: Your touch may inflict minor irresistible
                  | damage on your foes. [demonic ancestry]
  1395 | D:3      | Reached XP level 5. HP: 38/38 MP: 5/5
  1444 | D:3      | Identified the ring "Edaowy" {*Slow rC+ rN+ SInv}
  1761 | D:4      | Reached skill level 3 in Polearms
  2454 | D:4      | Identified a scroll of acquirement
  2454 | D:4      | Acquired the ring of Jummo {rF+ Str+4}
  2458 | D:4      | Reached skill level 4 in Polearms
  2458 | D:4      | Reached XP level 6. HP: 44/44 MP: 6/6
  2772 | D:5      | Entered Level 5 of the Dungeon
  2825 | D:5      | Reached skill level 5 in Polearms
  2985 | D:5      | Gained mutation: You regenerate health from kills. [demonic
                  | ancestry]
  2985 | D:5      | Reached XP level 7. HP: 50/50 MP: 7/7
  2994 | D:5      | Reached skill level 6 in Polearms
  3069 | D:5      | Found a runed translucent door.
  3070 | D:5      | Noticed Crazy Yiuf
  3075 | D:5      | Killed Crazy Yiuf
  3172 | D:5      | Reached skill level 7 in Polearms
  3363 | D:5      | Reached XP level 8. HP: 56/56 MP: 8/8
  3508 | D:6      | Reached skill level 8 in Polearms
  3517 | D:6      | Noticed Maggie
  3533 | D:6      | Killed Maggie
  3558 | D:6      | Reached skill level 9 in Polearms
  3574 | D:6      | Reached skill level 10 in Polearms
  3574 | D:6      | Reached XP level 9. HP: 53/61 MP: 9/9
  3583 | D:6      | Found an opulent altar of Gozag.
  3586 | D:6      | Found Gozag's Platinum Reserve.
  3648 | D:6      | Acquired 757 gold pieces
  3670 | D:6      | Found a staircase to the Ecumenical Temple.
  3679 | Temple   | Entered the Ecumenical Temple
  3870 | Temple   | Became a worshipper of Qazlal Stormbringer
  4089 | D:6      | Reached skill level 11 in Polearms
  4989 | D:7      | Reached * piety under Qazlal
  5002 | D:7      | Reached skill level 12 in Polearms
  5295 | D:7      | Reached skill level 1 in Invocations
  5696 | D:8      | Reached skill level 1 in Armour
  6031 | D:8      | Found a snail-covered altar of Cheibriados.
  6063 | D:8      | Noticed a two-headed ogre
  6067 | D:8      | Killed a two-headed ogre
  6068 | D:8      | Reached XP level 10. HP: 44/70 MP: 10/12
  6225 | D:8      | Found Ostreunus's Antique Armour Boutique.
  6228 | D:8      | Bought a glowing plate armour for 624 gold pieces
  6750 | D:9      | Noticed a gargoyle
  6753 | D:9      | Noticed a sixfirhy
  6857 | D:9      | Found a runed translucent gate.
  6859 | D:9      | Found a runed translucent gate.
  6860 | D:9      | Found a runed translucent gate.
  6861 | D:9      | Found an opulent altar of Gozag.
  6870 | D:9      | Noticed a two-headed ogre
  6912 | D:9      | Killed a two-headed ogre
  6922 | D:9      | Reached skill level 5 in Invocations
  7107 | D:9      | Reached ** piety under Qazlal
  7255 | D:9      | Found Rouk's Changing Room.
  7336 | D:9      | Reached skill level 5 in Fighting
  7475 | D:9      | Killed a gargoyle
  7544 | D:9      | Noticed a cyan ugly thing
  7546 | D:9      | Noticed a centaur warrior
  7546 | D:9      | Noticed CapnGoof's ghost (novice HOFE)
  7657 | D:10     | Entered Level 10 of the Dungeon
  7662 | D:10     | Identified the +3 leather armour of Ybruvale {Will+ rCorr
                  | Dex+4 Stlth+}
  7676 | D:10     | Noticed a two-headed ogre
  7683 | D:10     | Killed a two-headed ogre
  7807 | D:10     | Reached XP level 11. HP: 80/80 MP: 14/14
  7855 | D:10     | Reached skill level 5 in Armour
  7948 | D:10     | Reached skill level 5 in Shields
  8166 | D:10     | Found a portal to a secret trove of treasure.
  8208 | D:10     | Acquired a manual of Invocations
  8264 | D:10     | Noticed Erolcha
  8275 | D:10     | Killed Erolcha
  8496 | D:11     | Noticed a brown ugly thing
  8508 | D:11     | Killed a brown ugly thing
  8776 | D:11     | Reached *** piety under Qazlal
  8893 | D:11     | Reached **** piety under Qazlal
  8902 | D:11     | Found an ancient bone altar of Kikubaaqudgha.
  9235 | D:11     | Found a staircase to the Lair.
  9499 | Lair:1   | Entered Level 1 of the Lair of Beasts
  9706 | Lair:1   | Noticed Fannar
  9726 | Lair:1   | Killed Fannar
  9911 | Lair:1   | Gained mutation: You regenerate a lot of health from kills.
                  | [demonic ancestry]
  9911 | Lair:1   | Reached XP level 12. HP: 91/91 MP: 18/18
  9964 | Lair:1   | Found a radiant altar of Vehumet.
 10117 | Lair:2   | Found a hole to the Spider Nest.
 10351 | Lair:2   | Reached skill level 10 in Invocations
 10355 | Lair:2   | Reached ***** piety under Qazlal
 10474 | Lair:2   | Found an iron altar of Okawaru.
 10874 | Lair:3   | Noticed a catoblepas
 10886 | Lair:3   | Killed a catoblepas
 11013 | Lair:3   | Found a staircase to the Swamp.
 11225 | Lair:3   | Noticed a four-headed hydra
 11232 | Lair:3   | Killed a four-headed hydra
 11740 | Lair:4   | Noticed a death yak
 11740 | Lair:4   | Noticed a death yak
 11740 | Lair:4   | Noticed a death yak
 11744 | Lair:4   | Noticed a catoblepas
 11755 | Lair:3   | Killed a death yak
 11844 | Lair:4   | Reached XP level 13. HP: 99/99 MP: 18/22
 11923 | Lair:4   | Reached skill level 10 in Shields
 12135 | Lair:4   | Found the +5 robe of Misfortune {Harm *Corrode *Slow EV+5}
 12506 | Lair:5   | Entered Level 5 of the Lair of Beasts
 12763 | Lair:5   | Found a transporter.
 12800 | Lair:5   | Found a staircase to the Slime Pits.
 12802 | Lair:5   | Found a viscous altar of Jiyva.
 12984 | Lair:5   | Reached skill level 13 in Polearms
 13001 | Lair:5   | Found a transporter.
 13028 | Lair:5   | Reached ****** piety under Qazlal
 13139 | Lair:5   | Found a one-way gate to the infinite horrors of the Abyss.
 13196 | Lair:5   | Noticed a broodmother
 13196 | Lair:5   | an alligator changed into a broodmother
 13202 | Lair:5   | Noticed a minotaur
 13205 | Lair:5   | Noticed a fire giant
 13205 | Lair:5   | a minotaur changed into a fire giant
 13206 | Lair:5   | Noticed a golden dragon
 13206 | Lair:5   | a fire giant changed into a golden dragon
 13207 | Lair:5   | Noticed a shadow dragon
 13207 | Lair:5   | a golden dragon changed into a shadow dragon
 13381 | Lair:5   | Gained mutation: You are mostly covered in sharp spines.
                  | [demonic ancestry]
 13381 | Lair:5   | Reached XP level 14. HP: 109/109 MP: 23/23
 14111 | D:12     | Learned a level 6 spell: Iron Shot
 14198 | D:12     | Found a runed translucent gate.
 14198 | D:12     | Found a runed translucent gate.
 14198 | D:12     | Found a runed translucent gate.
 14198 | D:12     | Noticed purpskrrrp's ghost (journeyman DgDe)
 14353 | D:12     | Reached skill level 10 in Fighting
 14529 | D:12     | Found a staircase to the Orcish Mines.
 15234 | Orc:1    | Entered Level 1 of the Orcish Mines
 15446 | Orc:2    | Entered Level 2 of the Orcish Mines
 15446 | Orc:2    | Found a staircase to the Elven Halls.
 15498 | Orc:2    | Found a frozen archway.
 15541 | IceCv    | Entered an ice cave
 15861 | IceCv    | Identified the amulet of Zatz {Acrobat rElec Str+3 Slay+5}
 16115 | Orc:2    | Noticed an orc warlord
 16117 | Orc:2    | Noticed Azrael
 16153 | Orc:2    | Killed an orc warlord
 16160 | Orc:2    | Killed Azrael
 16254 | Orc:2    | Found Pydoschumm's Antique Weapon Shoppe.
 16318 | Orc:2    | Found Sajiuph's Antique Armour Shoppe.
 16353 | Orc:2    | Found Zasom's General Store.
 16730 | Orc:2    | Found Videopn's Book Shoppe.
 16739 | Orc:2    | Bought a manual of Dodging for 800 gold pieces
 16825 | Orc:1    | Noticed Josephine
 16845 | Orc:1    | Killed Josephine
 17232 | D:13     | Gained mutation: You have a somewhat thin skeletal
                  | structure. (Dex +2, Stealth+) [demonic ancestry]
 17232 | D:13     | Reached XP level 15. HP: 94/118 MP: 24/24
 17288 | D:13     | Reached skill level 14 in Polearms
 17288 | D:13     | Reached skill level 10 in Armour
 17589 | D:13     | Found a hazy altar of Hepliaklqana.
 17861 | D:13     | Found a gate to the Vaults.
 18327 | D:9      | Killed CapnGoof's ghost
 18555 | Spider:1 | Entered Level 1 of the Spider Nest
 18564 | Spider:1 | Identified Roxanne's Lessons on Shaping
 18564 | Spider:1 | Noticed Roxanne
 18602 | Spider:1 | Killed Roxanne
 19120 | Spider:1 | Noticed Kirke
 19132 | Spider:1 | Killed Kirke
 19629 | Spider:2 | Gained mutation: Your touch may inflict irresistible damage
                  | on your foes. [demonic ancestry]
 19629 | Spider:2 | Reached XP level 16. HP: 68/130 MP: 25/25
 19651 | Spider:2 | Gained mutation: Armour fits poorly on your strangely
                  | shaped body. [mutagenic glow]
 19677 | Spider:2 | Gained mutation: Your magical capacity is low. (-10% MP)
                  | [mutagenic glow]
 20618 | Spider:2 | Reached skill level 15 in Polearms
 21196 | Spider:3 | Identified the +8 mace of Ycuynoh {vorpal, Str+3}
 21401 | Spider:3 | Reached skill level 5 in Dodging
 22620 | Spider:4 | Entered Level 4 of the Spider Nest
 23446 | Spider:4 | Gained mutation: Your spells are a little easier to cast,
                  | but a little less powerful. [mutagenic glow]
 23461 | Spider:4 | Identified the +8 ring mail of the Ethereal Grue {Will+
                  | Str+6}
 24022 | Spider:4 | Reached skill level 16 in Polearms
 24022 | Spider:4 | Gained mutation: You have a moderately thin skeletal
                  | structure. (Dex +4, Stealth++) [demonic ancestry]
 24022 | Spider:4 | Reached XP level 17. HP: 103/136 MP: 23/23
 24294 | Spider:4 | Got a gossamer rune of Zot
 24313 | Spider:4 | Identified the +2 pair of boots "Wuyboed" {Dex+7}
 24597 | Elf:1    | Entered Level 1 of the Elven Halls
 24650 | Elf:1    | Paralysed by an air elemental for 1 turns
 24678 | Elf:1    | Found Sexiox's Magic Scroll Shoppe.
 24812 | Elf:1    | Paralysed by an air elemental for 1 turns
 25280 | Elf:1    | Found a magical portal.
 25289 | WizLab   | Entered Borgnjor's Mausoleum
 25402 | WizLab   | Reached skill level 10 in Dodging
 25415 | WizLab   | Reached skill level 17 in Polearms
 26181 | Elf:1    | Found Torad's Book Boutique.
 26752 | Elf:2    | Reached skill level 18 in Polearms
 26752 | Elf:2    | Gained mutation: You have an unnaturally thin skeletal
                  | structure. (Dex +6, Stealth+++) [demonic ancestry]
 26752 | Elf:2    | Reached XP level 18. HP: 86/144 MP: 24/24
 26840 | Elf:2    | Found Yluf's Armour Shoppe.
 26956 | Elf:2    | Found a huge runed translucent gate.
 26956 | Elf:2    | Found a huge runed translucent gate.
 26956 | Elf:2    | Found a huge runed translucent gate.
 26959 | Elf:2    | Found a huge runed translucent gate.
 26959 | Elf:2    | Found a huge runed translucent gate.
 26990 | Elf:2    | Noticed Nikola
 27004 | Elf:2    | Killed Nikola
 27990 | Elf:3    | Entered Level 3 of the Elven Halls
 28245 | Elf:3    | Reached skill level 15 in Fighting
 28285 | Elf:3    | Noticed an Ice Fiend
 28337 | Abyss:3  | Cast into level 3 of the Abyss (a deep elf demonologist)
 28527 | Abyss:3  | Paralysed by accursed screaming for 1 turns
 28530 | Elf:3    | Escaped the Abyss
 28554 | Elf:3    | Lost mutation: Your spells are a little easier to cast, but
                  | a little less powerful. [potion of mutation]
 28554 | Elf:3    | Lost mutation: Your magical capacity is low. (-10% MP)
                  | [potion of mutation]
 28554 | Elf:3    | Gained mutation: You are covered in fur. (AC +1) [potion of
                  | mutation]
 28690 | Elf:3    | Identified the +5 chain mail of the Heavens {rElec}
 28726 | Abyss:3  | Cast into level 3 of the Abyss (a deep elf sorcerer)
 28787 | Abyss:3  | Noticed a bone dragon
 28806 | Abyss:3  | Killed a bone dragon
 28924 | Abyss:3  | Noticed a bone dragon
 28949 | Abyss:3  | Noticed a hellephant
 29094 | Abyss:3  | HP: 7/150 [juggernaut skeleton[a necromancer] (11)]
 29099 | Abyss:3  | Mangled by a juggernaut skeleton

Illustrated notes

Levels and vault maps discovered:
D:1:      dpeg_arrival_lava_temple_mockup, layout_basic,
          shapermc_ecumenical_altar_notcrosses, minmay_misc_feat_nine_boxes,
          minmay_tetromino_l4
D:2:      layout_rooms, basic_altar
D:3:      layout_rooms, minmay_diced_spiral, uniq_ijyb
D:4:      layout_loops_corners
D:5:      layout_loops_ring, uniq_crazy_yiuf_cottage
D:6:      layout_cave_pools, nicolae_gozag_zags_fifth_avenue,
          lemuel_temple_firewalk_b, uniq_maggie
D:7:      layout_loops_corners, columned_hall_lemuel,
          hangedman_decor_diamond_cutter, grunt_ogre_cave
D:8:      layout_loops_corners, old_standard_altar, serial_shops,
          kennysheep_mini_moat
D:9:      layout_rooms, ebering_ghost_gozag, nicolae_transmutations_shop,
          minmay_misc_feat_secret_circle
D:10:     layout_gridville, nicolae_trove_entry_crystal, uniq_erolcha
D:11:     wander_kiku_kobolds, layout_basic, lair_entry_dummy
D:12:     layout_loops_ring, david_orc_3, gammafunk_ghost_spectres
D:13:     layout_gridville, lightli_vaults_fourway_checkpoint,
          worldfamousw_hep_ancestral_shrine
Temple:   mainiacjoe_temple_cubbyholes
Lair:1:   layout_big_grid, basic_altar, uniq_fannar
Lair:2:   layout_regular_city, dummy_spider_entry, basic_altar
Lair:3:   layout_long_grid, nicolae_swamp_entry_splash_gauntlet,
          serial_bayou_crossing
Lair:4:   minmay_lair_venomous_thicket, layout_cave_shapes,
          eino_small_chamber_without_monster, nicolae_lair_lil_pond
Lair:5:   grunt_lair_end_beastmaster, layout_regular_city, slime_entry_1,
          gammafunk_ghost_abyssal_escape
Spider:1: nicolae_spider_mines_1, uniq_roxanne, uniq_kirke
Spider:2: layout_chambers, hangedman_spider_tarantella_strand
Spider:3: layout_chambers
Spider:4: grunt_spider_rune_circles, nicolae_spider_claw_tunnel
Orc:1:    layout_caves, uniq_josephine
Orc:2:    grunt_orc_cross, layout_caves, portal_ice_cave_entry_ice_simulacra,
          uniq_azrael
Elf:1:    elf_arrival_002, layout_gridlike, serial_shops, nicolae_shop_stone,
          shop, mu_enter_wizlab_4, minivault_28
Elf:2:    elven_hall_of_blades_hangedman_alternative
          [mumra_blade_entry_bloodbath], layout_geoelf_grid, serial_shops,
          nicolae_shop_statue_plus, uniq_nikola
Elf:3:    minmay_elf_hall_furrowed, layout_geoelf_diagonals
Abyss:3:  base: Elf:2, spicy_abyss_pitcher_plant, base: Elf:3,
          doesnt_abyss_rune_brain_food

Skill      XL: |  1  2  3  4  5  6  7  8  9 10 11 12 13 14 15 16 17 18 |
---------------+-------------------------------------------------------+-----
Maces & Flails | 3 4 |  4.2
Polearms       | 2 4 5 7 10 12 13 14 16 18 | 18.9
Shields        | 1 2 4 7 9 12 13 | 13.6
Invocations    | 3 5 9 12 | 12.0
Fighting       | 3 5 7 8 9 11 13 16 | 16.4
Armour         | 2 4 6 7 8 9 11 14 | 14.0
Dodging        | 3 4 7 11 | 11.1
Throwing       | |  1.7

Action                   |  1- 3 |  4- 6 |  7- 9 | 10-12 | 13-15 | 16-18 || total
-------------------------+-------+-------+-------+-------+-------+-------++-------
Melee: Flail             |    75 |       |       |       |       |       ||    75
       Spear             |     2 |    73 |   230 |   702 |  1462 |  1760 ||  4229
Throw: Boomerang         |       |       |     8 |    16 |     1 |     4 ||    29
Invok: Elemental Force   |       |       |       |     1 |     9 |     4 ||    14
       Disaster Area     |       |       |       |       |     3 |     3 ||     6
  Use: Scroll            |     5 |     7 |     6 |     6 |    14 |    12 ||    50
       Potion            |       |       |       |       |       |    12 ||    12
 Stab: Sleeping          |     1 |       |       |       |       |       ||     1
       Distracted        |       |       |     1 |       |     2 |     2 ||     5
       Paralysed         |       |       |       |       |    11 |       ||    11
       Petrifying        |       |       |       |       |     1 |       ||     1
Armor: Leather armour    |    17 |       |       |       |       |       ||    17
       Chain mail        |     2 |     6 |       |       |       |       ||     8
       Plate armour      |       |     3 |    40 |    83 |   284 |   404 ||   814
Dodge: Dodged            |    35 |     6 |    16 |    26 |   169 |   407 ||   659
       Repelled          |       |       |       |     2 |     1 |    21 ||    24
Block: Other             |     4 |       |       |       |       |       ||     4
       Kite shield       |    27 |    28 |    66 |   336 |   986 |  1238 ||  2681
       Reflection        |     1 |     3 |     7 |    16 |    12 |       ||    39

Table legend: (Time is in decaauts)
 A = Elapsed time spent in this place.
 B = Non-inter-level travel time spent in this place.
 C = Inter-level travel time spent in this place.
 D = Time resting spent in this place.
 E = Time spent auto-exploring this place.
 F = Levels seen in this place.
 G = Mean time per level.
                   A        B        C        D        E       F      G
               +--------+--------+--------+--------+--------+-----+--------+
         Total |  27751 |  26082 |   1669 |   2099 |  17656 |  32 |  867.2 |
       Dungeon |  11478 |  10454 |   1024 |    368 |   8035 |  13 |  882.9 |
        Temple |    349 |    296 |     53 |      0 |    287 |   1 |  349.0 |
          Lair |   4375 |   4102 |    273 |     12 |   3258 |   5 |  875.0 |
   Spider Nest |   5602 |   5406 |    196 |    940 |   3305 |   4 | 1400.5 |
  Orcish Mines |   1662 |   1623 |     39 |    293 |    916 |   2 |  831.0 |
   Elven Halls |   2762 |   2680 |     82 |    364 |   1442 |   3 |  920.7 |
         Abyss |    457 |    457 |      0 |     71 |     20 |   2 |  228.5 |
      Ice Cave |    418 |    418 |      0 |      0 |    227 |   1 |  418.0 |
        Wizlab |    644 |    644 |      0 |     51 |    163 |   1 |  644.0 |
               +--------+--------+--------+--------+--------+-----+--------+

Top non-repeatable levels by time:
Spider:2: 1965 daAuts
Spider:3: 1673 daAuts
  Lair:5: 1344 daAuts
   Elf:2: 1335 daAuts
     D:8: 1242 daAuts
   Orc:2: 1198 daAuts
    D:11: 1161 daAuts
    D:12: 1124 daAuts
     D:7: 1048 daAuts
Spider:4: 1044 daAuts
     D:4: 1017 daAuts
    D:13: 973 daAuts
Spider:1: 918 daAuts
  Lair:3: 917 daAuts
   Elf:1: 899 daAuts
